 Dungeon Crawl Stone Soup version 0.30.0 (webtiles) character file.

Game seed: 554877757208754893

9927 Jonnyslop the Cleaver (level 11, -1/99 HPs)
             Began as a Hill Orc Fighter on Sept 21, 2023.
             Was an Elder of Beogh.
             Killed from afar by an electric eel (8 damage)
             ... with a bolt of electricity
             ... on level 10 of the Dungeon.
             The game lasted 00:19:46 (9257 turns).

Jonnyslop the Cleaver (Hill Orc Fighter)            Turns: 9257, Time: 00:19:47

Health: -1/99      AC: 18    Str: 24    XL:     11   Next: 54%
Magic:  18/18      EV:  6    Int:  8    God:    Beogh [****..]
Gold:   479        SH: 13    Dex: 10    Spells: 10/10 levels left

rFire   . . .        a - +2 war axe (elec)
rCold   . . .        m - +3 kite shield {AC+3}
rNeg    . . .        s - +0 plate armour
rPois   .            B - +0 helmet
rElec   .            t - scarf {+Inv}
rCorr   .            (no gloves)
SInv    .            (no boots)
Will    .....        (no amulet) Stlth
                     (no ring)
HPRegen 0.36/turn    (no ring)
MPRegen 0.16/turn

%: no passive effects
@: very slow
A: no striking features
a: Renounce Religion, Evoke Invisibility, Smiting, Recall Orcish Followers


You were on level 10 of the Dungeon.
You worshipped Beogh.
Beogh was greatly pleased with you.
You visited 1 branch of the dungeon, and saw 10 of its levels.

You collected 614 gold pieces.
You spent 135 gold pieces at shops.

Inventory:

Hand Weapons
 a - a +2 war axe of electrocution (weapon)
 c - a +2 battleaxe of flaming
Missiles
 g - 22 poisoned darts
 h - 9 curare-tipped darts (quivered)
Armour
 m - a +3 kite shield of protection (worn)
 s - a +0 plate armour (worn)
 t - a scarf of invisibility (worn)
 B - a +0 helmet (worn)
Jewellery
 d - the amulet "Efiab" {Acrobat Harm rPois rF-}
   (You found it on level 7 of the Dungeon)

   [amulet of the acrobat]

   It increases your evasion while moving and waiting.
   rF:        It makes you vulnerable to fire.
   rPois:     It protects you from poison.
   Harm:      It increases damage dealt and taken.
 p - a ring of positive energy
 x - a ring of poison resistance
Wands
 o - a wand of mindburst (8)
 q - a wand of iceblast (7)
 z - a wand of quicksilver (2)
Scrolls
 b - 2 scrolls of magic mapping
 l - 3 scrolls of teleportation
 u - a scroll of enchant armour
 v - a scroll of blinking
 w - 2 scrolls of identify
 C - a scroll of silence
Potions
 e - 6 potions of lignification
 f - 2 potions of flight
 i - 3 potions of curing
 j - a potion of ambrosia
 k - a potion of haste
 n - a potion of brilliance
 r - a potion of mutation
 A - a potion of attraction {unknown}


   Skills:
 + Level 10.1 Fighting
 * Level 14.7 Axes
 + Level 8.9 Armour
 + Level 8.8 Shields
 + Level 9.9 Invocations


You had 10 spell levels left.
You didn't know any spells.
Your spell library contained the following spells:

 Spells                   Type           Power      Damage    Failure   Level
 Shock                    Conj/Air       0%         1d3       100%        1
 Scorch                   Fire           0%         2d5       100%        2
 Dazzling Flash           Conj/Hex       0%         N/A       100%        3
 Gell's Gravitas          Tloc           0%         N/A       100%        3
 Teleport Other           Tloc           0%         N/A       100%        3
 Volatile Blastmotes      Fire/Tloc      0%         2d10      100%        3
 Flame Wave               Conj/Fire      0%         2d4       100%        4
 Iskenderun's Mystic Bla  Conj/Tloc      0%         2d3       100%        4
 Sticky Flame             Conj/Fire      0%         2d3       100%        4
 Summon Lightning Spire   Summ/Air       0%         N/A       100%        4
 Dispersal                Tloc           0%         N/A       100%        6
 Starburst                Conj/Fire      0%         6d3       100%        6
 Summon Cactus Giant      Summ           0%         N/A       100%        6
 Borgnjor's Revivificati  Necr           0%         N/A       100%        8
 Ignition                 Fire           0%         3d3       100%        8
 Necromutation            Tmut/Necr      0%         N/A       100%        8
 Death's Door             Necr           0%         N/A       100%        9


Dungeon Overview and Level Annotations

Branches:
Dungeon (10/15)            Temple (0/1) D:5
   Lair: D:8-11         Orc: D:9-12

Altars:
Ashenzari
Cheibriados
Dithmenos
Hepliaklqana
Kikubaaqudgha
Makhleb
Qazlal
Ru
Sif Muna
Trog
Wu Jian
Yredelemnul
The Shining One

Shops:
D:4 ?   D:7 **(

Annotations:
D:8 2 transporters, fugger's ghost, novice HuBe


Message History

The bolt of electricity hits the electric eel.
The electric eel completely resists.
The bolt of electricity hits you.
Your unstable footing causes you to fumble your attack.
The electric eel shoots out a bolt of lightning at you!
The bolt of electricity hits the electric eel.
The electric eel completely resists.
The bolt of electricity hits you.
You closely miss the electric eel.
The electric eel is severely wounded.
You hit the electric eel.
The electric eel shoots out a bolt of lightning at you!
The bolt of electricity hits you!
* * * LOW HITPOINT WARNING * * *
The electric eel shoots out a bolt of lightning at you!
The bolt of electricity hits you.
* * * LOW HITPOINT WARNING * * *
The electric eel shoots out a bolt of lightning at you!
The bolt of electricity hits the electric eel.
The electric eel completely resists.
The bolt of electricity hits you!
* * * LOW HITPOINT WARNING * * *
You miss the electric eel.
The electric eel is severely wounded.
You hit the electric eel.
You kill the electric eel!
Beogh accepts your kill.
You hear a splash.
The electric eel shoots out a bolt of lightning at you!
The bolt of electricity hits you.
* * * LOW HITPOINT WARNING * * *
Your unstable footing causes you to fumble your attack.
You hit the electric eel.
The electric eel is almost dead.
The electric eel shoots out a bolt of lightning at you!
The bolt of electricity hits the electric eel.
The electric eel completely resists.
The bolt of electricity hits you!
* * * LOW HITPOINT WARNING * * *
You miss the electric eel.
The electric eel is almost dead.
The electric eel shoots out a bolt of lightning at you!
The bolt of electricity hits you!
You die...

.########.######....... '######
#.### #........
......###...####........
......##≈≈≈..~≈≈~≈~~~~≈~
......##≈≈~≈..~≈≈≈≈≈≈≈≈≈
'#######~~~~≈.~≈≈≈≈≈≈≈≈≈
............~..≈≈≈≈≈≈≈≈≈
......##~~.~~~.~≈≈≈≈≈≈≈≈
#####.#..~.≈≈≈.~@S≈≈≈S≈≈
####.#..~.~≈≈..~†≈≈≈≈≈≈
#....#..~.~~≈≈.~≈≈≈≈≈≈≈
#....#..~.~~≈≈..~≈~~≈≈≈≈≈≈≈≈≈≈#
##..(.#..~.≈~≈≈≈....~≈≈≈≈≈≈≈≈≈≈#
.'....'....~≈≈≈≈~~~.~≈≈≈≈≈≈≈≈≈≈#
##....#.~~.~≈≈≈≈~≈~..~≈≈≈≈≈≈≈≈≈##
##....#.~~~≈≈≈≈≈≈≈~~..~≈≈≈≈≈≈≈≈#.
......#.≈≈≈≈≈≈≈≈≈≈≈~~.~≈≈≈≈≈≈≈≈#.


You could see 2 electric eels.

Vanquished Creatures
  A deep elf pyromancer (D:9)
  A cyclops (D:9)
  An eye of devastation (shapeshifter) (D:9)
  Maggie (D:6)
  A komodo dragon (D:9)
  2 hornets
  A shadow (D:10)
  2 wraiths (D:9)
  A wyvern (D:9)
  6 yaks
  A steam dragon (D:8)
  3 vampire mosquitoes (D:10)
  2 acid dragons
  A water moccasin (D:8)
  Duvessa (D:6)
  4 orc warriors
  An ice beast (D:6)
  3 sky beasts (D:6)
  2 black bears
  4 centaurs
  A phantom (D:6)
  2 kobold brigands
  Blork the orc (D:6)
  2 gnoll sergeants
  A necrophage (D:5)
  3 scorpions
  Dowan (D:6)
  8 wights
  6 killer bees
  2 electric eels (D:10)
  3 howler monkeys
  2 jellies
  6 orc priests
  Crazy Yiuf (D:6)
  2 hounds
  2 sleepcaps
  4 iguanas
  3 orc wizards
  A hound skeleton (D:5)
  12 gnolls
  6 adders
  A shadow imp (D:5)
  A white imp (D:8)
  A dart slug (D:2)
  31 orcs
  3 bats
  4 endoplasms
  3 giant cockroaches
  7 goblins
  4 hobgoblins
  14 kobolds
  2 quokkas
  10 ball pythons
  10 rats
199 creatures vanquished.

Vanquished Creatures (collateral kills)
  A hydra (D:9)
  A tengu warrior (D:9)
  An ugly thing (D:9)
  A shadow (D:10)
  2 yaks (D:9)
  2 vampire mosquitoes (D:10)
  A steam dragon (D:9)
  An acid dragon (D:10)
  A gnoll sergeant (D:9)
  A killer bee (D:9)
  An electric eel (D:10)
  4 gnolls (D:9)
17 creatures vanquished.

Vanquished Creatures (others)
  An orc knight (D:10)
  2 orc warriors
  2 orcs
  A quokka (D:2)
  A frilled lizard (D:2)
7 creatures vanquished.

Grand Total: 223 creatures vanquished

Notes
Turn   | Place    | Note
-------+----------+-------------------------------------------
     0 | D:1      | Jonnyslop the Hill Orc Fighter began the quest for the Orb.
     0 | D:1      | Reached XP level 1. HP: 19/19 MP: 1/1
    26 | D:1      | Reached skill level 3 in Axes
    92 | D:1      | Reached XP level 2. HP: 21/27 MP: 2/2
   425 | D:2      | Reached skill level 4 in Axes
   434 | D:2      | Became a worshipper of Beogh the Brigand
   439 | D:2      | Reached XP level 3. HP: 30/33 MP: 3/3
   440 | D:2      | Found a stormy altar of Qazlal.
   663 | D:2      | Reached skill level 1 in Invocations
   786 | D:2      | Reached XP level 4. HP: 33/41 MP: 4/4
  1213 | D:3      | Reached skill level 5 in Axes
  1356 | D:3      | Reached XP level 5. HP: 45/47 MP: 6/6
  1366 | D:3      | Reached * piety under Beogh
  1748 | D:3      | Found a shadowy altar of Dithmenos.
  1755 | D:3      | Found a glowing golden altar of the Shining One.
  1758 | D:3      | Found a hazy altar of Hepliaklqana.
  1758 | D:3      | Found a stormy altar of Qazlal.
  1765 | D:3      | Found a broken altar of Ashenzari.
  2161 | D:4      | Reached skill level 5 in Fighting
  2161 | D:4      | Reached skill level 6 in Axes
  2178 | D:4      | Found Esuluc's Magic Scroll Shop.
  2196 | D:4      | Bought a scroll of brand weapon for 95 gold pieces
  2196 | D:4      | Bought a scroll of identify for 20 gold pieces
  2196 | D:4      | Bought a scroll of identify for 20 gold pieces
  2204 | D:4      | Found a snail-covered altar of Cheibriados.
  2529 | D:4      | Reached XP level 6. HP: 37/56 MP: 8/8
  2823 | D:4      | Noticed a black bear
  2831 | D:4      | Killed a black bear
  2985 | D:4      | Reached skill level 11 in Axes
  2985 | D:4      | Reached XP level 7. HP: 68/68 MP: 8/12
  3179 | D:5      | Entered Level 5 of the Dungeon
  3271 | D:5      | Reached XP level 8. HP: 74/74 MP: 13/13
  3284 | D:5      | Found a staircase to the Ecumenical Temple.
  3398 | D:5      | Reached ** piety under Beogh
  3465 | D:5      | Identified the +7 ring mail "Estruatz" {Int+5}
  3472 | D:5      | Found a burning altar of Makhleb.
  3767 | D:5      | Found an ornate altar of the Wu Jian Council.
  3955 | D:5      | Found a basalt altar of Yredelemnul.
  4219 | D:6      | Noticed Blork the orc
  4224 | D:6      | Killed Blork the orc
  4239 | D:6      | Reached skill level 12 in Axes
  4242 | D:6      | Reached XP level 9. HP: 65/82 MP: 14/14
  4951 | D:6      | Noticed Maggie
  4954 | D:6      | Noticed Dowan
  4955 | D:6      | Noticed Duvessa
  4967 | D:6      | Killed Maggie
  4969 | D:6      | Killed Duvessa
  4973 | D:6      | Killed Dowan
  5122 | D:6      | Found a runed translucent door.
  5123 | D:6      | Noticed Crazy Yiuf
  5131 | D:6      | Killed Crazy Yiuf
  5415 | D:7      | Found a bloodstained altar of Trog.
  5536 | D:7      | Found Maoly's Weapon Shop.
  5605 | D:7      | Identified the amulet "Efiab" {Acrobat Harm rPois rF-}
  5612 | D:7      | Found Quasuon's Assorted Antiques.
  5622 | D:7      | Found Acyosch's Assorted Antiques.
  5691 | D:7      | Found a shimmering blue altar of Sif Muna.
  5892 | D:8      | Reached *** piety under Beogh
  6062 | D:8      | Reached XP level 10. HP: 82/90 MP: 16/16
  6166 | D:8      | Noticed fugger's ghost (novice HuBe)
  6182 | D:8      | Found a bloodstained altar of Trog.
  6185 | D:8      | Found a transporter.
  6188 | D:8      | Found a transporter.
  6280 | D:8      | Noticed a moth of wrath
  6324 | D:8      | Paralysed by a hornet for 2 turns
  6535 | D:8      | Reached skill level 13 in Axes
  6919 | D:9      | Noticed a six-headed hydra
  6920 | D:9      | Noticed a cyclops
  6922 | D:9      | Noticed a tengu warrior
  7187 | D:9      | Gained Orbeogh as an ally
  7276 | D:9      | Noticed an eye of devastation
  7284 | D:9      | Killed an eye of devastation
  7320 | D:9      | Killed a tengu warrior
  7344 | D:9      | Killed an eight-headed hydra
  7600 | D:9      | Got the Cyclopedia of Pneumatic Conflagration
  7608 | D:9      | Identified the +0 longbow of Anguish {drain, rPois rF-
                  | rCorr Stlth+}
  7652 | D:9      | Reached XP level 11. HP: 88/97 MP: 17/17
  7688 | D:9      | Reached **** piety under Beogh
  7749 | D:9      | Reached skill level 14 in Axes
  7994 | D:9      | Killed a cyclops
  8059 | D:9      | Noticed a deep elf pyromancer
  8070 | D:9      | Killed a deep elf pyromancer
  8202 | D:9      | Found a sacrificial altar of Ru.
  8300 | D:9      | Noticed a brown ugly thing
  8314 | D:9      | Killed a brown ugly thing
  8634 | D:10     | Entered Level 10 of the Dungeon
  8653 | D:10     | Identified the +0 ring mail "Palor" {rF- Will++}
  8734 | D:10     | Reached skill level 10 in Fighting
  8753 | D:10     | Found an ancient bone altar of Kikubaaqudgha.
  8936 | D:10     | Your ally Orbeogh died
  9257 | D:10     | Killed from afar by an electric eel

Illustrated notes

Levels and vault maps discovered:
D:1:      lightli_arrival_noodles, layout_rooms
D:2:      layout_rooms, basic_altar, serial_curves, eino_curves_04,
          eino_curves_02, eino_curves_02
D:3:      wad_lake_hut, layout_basic, nicolae_overflow_hallway_of_the_gods
D:4:      layout_gridville, kennysheep_little_box, serial_shops,
          nicolae_shop_window_shopping, chequers_serial_rivers_small_b
D:5:      layout_basic, pdpol_wu_jian_five_deadly_venoms,
          mainiacjoe_overflow_alcove_4, makhleb_blood_cavern_becter,
          temple_pool_b, hangedman_decor_riveting
D:6:      layout_cave_pods, uniq_blork_the_orc, uniq_duvessa,
          uniq_crazy_yiuf_cottage, uniq_maggie
D:7:      minmay_razor_zed, layout_loops_cross, grunt_gozag_statues,
          trog_butcher_becter, lemuel_blue_sif_altar, serial_shops,
          nicolae_shop_hallway_plus, shop, nicolae_shop_back_alley_shop,
          nicolae_square_shop
D:8:      layout_basic, gammafunk_ghost_wrathful_warriors,
          hangedman_decor_peaks_small, minmay_misc_feat_diagonals
D:9:      minmay_the_grid_4x2 [minmay_the_grid_holed_spiral,
          minmay_the_grid_minigrid_small, minmay_the_grid_eight,
          minmay_the_grid_paths, minmay_the_grid_all_tris,
          minmay_the_grid_broken_lines, minmay_the_grid_minigrid_small_alt,
          minmay_the_grid_prize_trominoes], layout_cave_pools,
          nicolae_ru_awakened_eye
D:10:     layout_basic, mainiacjoe_overflow_tiny_flanked

Skill      XL: |  1  2  3  4  5  6  7  8  9 10 11 |
---------------+----------------------------------+-----
Axes           | 3 4 5 6 11 12 13 14 | 14.7
Fighting       | 4 5 8 9 10 | 10.1
Invocations    | 1 2 7 8 9 |  9.9
Armour         | 6 7 8 |  8.9
Shields        | 6 7 8 |  8.8

Action                     |  1- 3 |  4- 6 |  7- 9 | 10-12 || total
---------------------------+-------+-------+-------+-------++-------
  Melee: War axe           |    82 |   133 |   209 |   233 ||   657
 Invoke: Convert to Beogh  |     1 |       |       |       ||     1
         Recall Orcish Fol |       |       |       |     1 ||     1
    Use: Scroll            |     5 |    10 |     6 |     3 ||    24
         Potion            |       |     3 |     1 |     4 ||     8
 Armour: Scale mail        |    44 |    33 |       |       ||    77
         Plate armour      |       |    25 |    81 |    96 ||   202
  Dodge: Dodged            |    34 |    52 |    20 |    40 ||   146
  Block: Buckler           |    18 |    23 |       |       ||    41
         Kite shield       |       |       |   130 |   126 ||   256
